 Dungeon Crawl Stone Soup version 0.29-a0-598-gd8304a5bf4 (webtiles) character file.

Game seed: 14834245771036542458

25 chronatog the Insei (level 3, -3/28 HPs)
             Began as a Gnoll Transmuter on June 15, 2022.
             Slain by a gnoll
             ... wielding a +0 whip
              (7 damage)
             ... on level 2 of the Dungeon.
             The game lasted 00:06:42 (737 turns).

chronatog the Insei (Gnoll Transmuter)               Turns: 737, Time: 00:06:42

Health: -3/28      AC:  3    Str: 11    XL:     3   Next: 4%
Magic:  7/9        EV: 16    Int: 12    God:
Gold:   26         SH:  0    Dex: 12    Spells: 8/11 levels left

rFire   . . .      SeeInvis .   i - +0 falchion
rCold   . . .      Faith    .   (no shield)
rNeg    . . .      Spirit   .   h - +0 leather armour
rPois   .          Reflect  .   (no helmet)
rElec   .          Harm     .   (no cloak)
rCorr   .          Rampage  .   (no gloves)
Will    +....                   (no boots)
Stlth   +.........              (no amulet)
HPRegen 0.09/turn               d - ring of willpower
MPRegen 0.11/turn               a - +4 ring of evasion

@: wereblooded
A: fangs 1, strong nose, distributed training
a: no special abilities


You were on level 2 of the Dungeon.
You visited 1 branch of the dungeon, and saw 2 of its levels.

You collected 26 gold pieces.

Inventory:

Hand Weapons
 i - a +0 falchion (weapon)
Missiles
 c - 51 stones
 f - 6 javelins
Armour
 h - a +0 leather armour (worn)
Jewellery
 a - a +4 ring of evasion (right hand)
 d - a ring of willpower (left hand)
Scrolls
 e - a scroll of fog {unknown}
 g - a scroll of identify {unknown}
Potions
 b - a potion of lignification


   Skills:
 + Level 2.5 Fighting
 + Level 0.5 Short Blades
 + Level 0.5 Long Blades
 + Level 0.5 Axes
 + Level 0.5 Maces & Flails
 + Level 0.5 Polearms
 + Level 0.5 Staves
 + Level 0.5 Slings
 + Level 0.5 Bows
 + Level 0.5 Crossbows
 + Level 0.5 Throwing
 + Level 0.5 Armour
 + Level 4.5 Dodging
 + Level 0.5 Stealth
 + Level 0.5 Shields
 + Level 6.5 Unarmed Combat
 + Level 4.9 Spellcasting
 + Level 0.4 Conjurations
 + Level 0.4 Hexes
 + Level 0.4 Summonings
 + Level 0.4 Necromancy
 + Level 0.4 Translocations
 + Level 3.7 Transmutations
 + Level 0.4 Fire Magic
 + Level 0.4 Ice Magic
 + Level 0.4 Air Magic
 + Level 0.4 Earth Magic
 + Level 0.4 Poison Magic
 + Level 0.7 Invocations
 + Level 0.5 Evocations


You had 8 spell levels left.
You knew the following spells:

 Your Spells              Type           Power      Damage    Failure   Level
a - Beastly Appendage     Tmut           22%        N/A       6%          1
b - Wereblood             Tmut           11%        N/A       9%          2

Your spell library contained the following spells:

 Spells                   Type           Power      Damage    Failure   Level
 Spider Form              Tmut/Pois      7%         N/A       34%         3
 Ice Form                 Ice/Tmut       7%         N/A       75%         4


Dungeon Overview and Level Annotations

Branches:
Dungeon (1/15)

Altars:

Shops:
D:2 (


Innate Abilities, Weirdness & Mutations

You have very sharp teeth.
Your uncanny sense of smell can sniff out nearby items.
Your experience applies equally to all skills.


Message History

Casting: Wereblood (safe; 9% risk of failure)
Confirm with . or Enter, or press ? or * to list all spells.
You grow a pair of large bovine horns.
Your feet morph into talons.
The endoplasm quivers.
A gnoll comes into view. It is wielding a +0 whip.
Your transformation is almost over.
The gnoll shouts!
You hear a shout!
There is an entrance to Tuntae Tiosk's Antique Weapon Shop here.
The endoplasm misses you.
A gnoll comes into view. It is wielding a +0 whip.
You slash the endoplasm!
You kill the endoplasm!
You hit the gnoll. You claw the gnoll. You bite the gnoll.
The gnoll is moderately wounded.
The gnoll misses you.
You closely miss the gnoll. Your kick misses the gnoll.
You headbutt the gnoll, but do no damage.
The gnoll is moderately wounded.
A gnoll comes into view. It is wielding a +0 flail.
A rat comes into view.
The gnoll misses you. x2
You hit the gnoll.
The gnoll is heavily wounded.
The gnoll hits you with a +0 whip! The gnoll closely misses you.
The gnoll attacks as you move away! The gnoll hits you with a +0 whip.
The gnoll attacks as you move away! The gnoll closely misses you.
Your horns disappear.
Your talons disappear.
The gnoll attacks as you move away! The gnoll completely misses you.
The gnoll attacks as you move away! The gnoll closely misses you.
The gnoll attacks as you move away! The gnoll hits you with a +0 whip.
Casting: Beastly Appendage (safe; 6% risk of failure)
Confirm with . or Enter, or press ? or * to list all spells.
Your blood is infused with primal strength.
The gnoll misses you. The gnoll closely misses you.
The gnoll attacks as you move away! The gnoll hits you with a +0 whip!
* * * LOW HITPOINT WARNING * * *
You hit the gnoll. You bite the gnoll, but do no damage.
The gnoll is severely wounded.
The gnoll hits you with a +0 whip!
You die...

...####
###............#
.......
...........>...#
##.####
.##............# #
#...g.∩......# #
#....r.......# #
#............# # ∆
#............# #####
#...gg.......# ....#
##....@.......# ###.#
...............#######
# ∆
.#.#####'########....#
# #. #.....####.##.# #
# #.##..#.##.##.# # .
#.....#....##.# #
...#####.#.#.....# #
...........#†#...# #
........####.#...##


You could see 3 gnolls and a rat.

Vanquished Creatures
  An adder (D:2)
  A ball python (D:1)
  2 endoplasms
  A giant cockroach (D:1)
  3 hobgoblins (D:2)
  A quokka (D:1)
  2 bats (D:1)
  3 rats
14 creatures vanquished.

Notes
Turn   | Place    | Note
-------+----------+-------------------------------------------
     0 | D:1      | chronatog the Gnoll Transmuter began the quest for the Orb.
     0 | D:1      | Reached XP level 1. HP: 17/17 MP: 6/6
   403 | D:1      | Reached XP level 2. HP: 23/23 MP: 7/7
   416 | D:1      | Found a faded altar of an unknown god.
   442 | D:1      | You fall into a shaft and drop 1 floor!
   517 | D:2      | Learned a level 2 spell: Wereblood
   658 | D:2      | Reached XP level 3. HP: 26/28 MP: 9/9
   714 | D:2      | Found Tuntae Tiosk's Antique Weapon Shop.
   737 | D:2      | Slain by a gnoll

Illustrated notes

Levels and vault maps discovered:
D:1:      onia_arrival_mini_maze, layout_rooms,
          chequers_ecumenical_altar_simple, kennysheep_flooded_box,
          serial_bayou_lagoon_a
D:2:      layout_basic, serial_shops, shop

Action                   || total
-------------------------++-------
Melee: Unarmed           ||    26
       Bite              ||     4
       Punch             ||     1
       Kick              ||     5
       Falchion          ||     7
       Headbutt          ||     3
 Cast: Beastly Appendage ||     6
       Wereblood         ||     2
Armor: Robe              ||     3
       Leather armour    ||     1
Dodge: Dodged            ||    23

Table legend: (Time is in decaauts)
 A = Elapsed time spent in this place.
 B = Non-inter-level travel time spent in this place.
 C = Inter-level travel time spent in this place.
 D = Time resting spent in this place.
 E = Time spent auto-exploring this place.
 F = Levels seen in this place.
 G = Mean time per level.
                   A        B        C        D        E       F      G
               +--------+--------+--------+--------+--------+-----+--------+
         Total |    734 |    734 |      0 |    309 |    137 |   2 |  367.0 |
       Dungeon |    734 |    734 |      0 |    309 |    137 |   2 |  367.0 |
               +--------+--------+--------+--------+--------+-----+--------+

Top non-repeatable levels by time:
     D:1: 440 daAuts
     D:2: 293 daAuts
